AoeStats
← ivs

Arena

510294520Analyzed
1v1 RM · 2d ago on Sep 30, 2026· 62m 26s· 2 players
Game mode
Random Map
Map size
Tiny (2 player)
Population
200
Speed
Normal
Resources
Standard
Victory
Conquest
Starting age
Dark Age
Ending age
Imperial Age
RankedLock teamsTeams togetherTeam positionsShared explorationLock speedFull tech treeHidden civsTurbo modeCheats
Victory
Defeat
🇨🇱 Lithuanians · Chile
1523
+14
🇦🇷 Spanish · Argentina
1479
-14
ivs
10:05 Feudal Age
11:22 Loom
14:28 Castle Age
13:13 Double-Bit Axe
26:38 Horse Collar
26:50 Gold Mining
32:06 Imperial Age
30:18 Wheelbarrow
30:46 Bow Saw
30:05 Pikeman
31:00 Town Watch
31:42 Bow Saw
31:48 Stone Mining
32:31 Squires
32:43 Forging
34:20 Chemistry
33:27 Halberdier
35:11 Conscription
35:48 Iron Casting
36:00 Heavy Plow
36:24 Scale Mail Armor
37:59 Two-Man Saw
38:43 Blast Furnace
38:09 Ballistics
38:07 Masonry
39:19 Chain Mail Armor
39:41 Fletching
40:22 Scale Barding Armor
40:39 Hand Cart
41:25 Architecture
41:25 Bodkin Arrow
42:11 Bracer
42:33 Chain Barding Armor
44:28 Plate Mail Armor
45:37 Plate Barding Armor
45:14 Bloodlines
44:28 Cavalier
46:46 Husbandry
47:17 Light Cavalry
48:49 Town Patrol
48:11 Hussar
48:48 Paladin
55:33 Murder Holes
Criminalss
10:26 Feudal Age
14:52 Castle Age
12:54 Double-Bit Axe
15:22 Loom
17:16 Town Watch
23:04 Horse Collar
24:25 Sanctity
24:39 Bow Saw
24:54 Stone Mining
26:53 Heavy Plow
27:56 Wheelbarrow
29:47 Gold Mining
30:36 Stone Shaft Mining
30:45 Redemption
34:26 Imperial Age
32:29 Husbandry
32:40 Bloodlines
34:02 Scale Barding Armor
35:09 Chain Barding Armor
34:41 Fletching
35:22 Block Printing
35:32 Forging
36:00 Bodkin Arrow
36:00 Cavalier
37:57 Plate Barding Armor
37:58 Iron Casting
38:09 Elite Skirmisher
38:55 Thumb Ring
39:01 Bracer
39:02 Padded Archer Armor
38:44 Paladin
40:44 Hand Cart
40:46 Leather Archer Armor
41:57 Ring Archer Armor
41:44 Masonry
41:56 Ballistics
42:37 Chemistry
42:07 Elite Leitis
43:37 Masonry
44:48 Crop Rotation
45:19 Two-Man Saw
47:41 Architecture
46:52 Treadmill Crane
47:54 Conscription
54:24 Town Patrol
56:21 Tower Shields
Connection lost

Rejoining the realm…

Still unreachable

The connection could not be restored.

Session expired

The server has moved on; the page needs a fresh start.